 Dungeon Crawl Stone Soup version 0.16.1-4-g8e1b745 (console) character file.

4936 Monkaria the Nimble (level 10, 0/91 HPs)
             Began as a Deep Dwarf Skald on Mar 27, 2015.
             Was an Elder of Makhleb.
             Slain by an elephant (1 damage)
             ... on level 9 of the Dungeon.
             The game lasted 00:25:08 (7458 turns).

Monkaria the Nimble (Deep Dwarf Skald)              Turns: 7458, Time: 00:25:10

Health: 0/91       AC: 15    Str: 16 (18) XL:     10   Next: 27%
Magic:  4/4        EV: 18    Int: 15      God:    Makhleb [****..]
Gold:   572        SH:  0    Dex: 17      Spells: 1 memorised, 11 levels left

rFire  . . .     SeeInvis +     v - +0 war axe
rCold  + . .     Clarity  +     y - +2 leather armour {rC+}
rNeg   . . .     SustAb   .     (no shield)
rPois  .         Gourm    .     e - +3 crown of Dyrovepreva {rElec Int+2 SInv}
rElec  +         Spirit   .     n - +2 cloak
rCorr  .         Warding  .     a - +0 pair of gloves
rMut   .         Stasis   .     C - +0 pair of boots
MR     +....                    t - amulet of clarity
Stlth  +.........               (no ring)
                                o - +4 ring of dexterity

@: non-regenerating, constricted, somewhat resistant to hostile enchantments,
very unstealthy
A: damage resistance, recharge devices, sense surroundings 2, slow healing 3
a: Device Recharging, Minor Destruction, Lesser Servant of Makhleb, Major
Destruction, Renounce Religion


You were on level 9 of the Dungeon.
You worshipped Makhleb.
Makhleb was greatly pleased with you.
You were hungry.

You visited 2 branches of the dungeon, and saw 10 of its levels.

You collected 572 gold pieces.

Inventory:

Hand weapons
 v - a +0 war axe (weapon)
 w - a +0 long sword of electrocution
Armour
 a - a +0 pair of gloves (worn)
 e - the +3 crown of Dyrovepreva (worn) {rElec Int+2 SInv}
   (You found it on level 5 of the Dungeon)

   It affects your intelligence (+2).
   It insulates you from electricity.
   It enhances your eyesight.
 n - a +2 cloak (worn)
 x - a +3 plate armour
 y - a +2 leather armour of cold resistance (worn)
 C - a +0 pair of boots (worn)
Jewellery
 o - a +4 ring of dexterity (left hand)
 t - an amulet of clarity (around neck)
 A - an uncursed ring of fire
Magical devices
 D - a wand of enslavement (0)
Scrolls
 l - 2 scrolls of remove curse
 p - a scroll of magic mapping
 s - a scroll of enchant armour
 z - 2 scrolls of enchant weapon
 F - a scroll of noise
 H - a scroll of recharging
Potions
 i - a potion of flight
 u - a potion of restore abilities
 E - a potion of invisibility
Books
 c - a book of Battle

   Spells                             Type                      Level
   a - Infusion                       Charms                       1
   b - Shroud of Golubria             Charms/Translocation         2
   c - Song of Slaying                Charms                       2
   d - Spectral Weapon                Hexes/Charms                 3
   e - Regeneration                   Charms/Necromancy            3
 r - a book of Frost

   Spells                             Type                      Level
   a - Freeze                         Ice                          1
   b - Throw Frost                    Conjuration/Ice              2
   c - Ozocubu's Armour               Charms/Ice                   3
   d - Throw Icicle                   Conjuration/Ice              4
   e - Summon Ice Beast               Ice/Summoning                4
   f - Condensation Shield            Ice                          4
 G - a book of Power

   Spells                             Type                      Level
   a - Fulminant Prism                Conjuration/Hexes            4
   b - Iskenderun's Mystic Blast      Conjuration                  4
   c - Venom Bolt                     Conjuration/Poison           5
   d - Bolt of Magma                  Conjuration/Fire/Earth       5
   e - Iron Shot                      Conjuration/Earth            6
   f - Orb of Destruction             Conjuration                  7
   g - Spellforged Servitor           Conjuration/Summoning        7
Comestibles
 b - a royal jelly
 f - 4 bread rations
 j - 4 meat rations
 m - 3 beef jerkies
 K - 4 fruits


   Skills:
 - Level 6.0 Fighting
 - Level 9.0 Axes
 - Level 8.3 Armour
 + Level 9.3 Dodging
 - Level 1.7 Spellcasting
 - Level 2.6 Charms


You had 11 spell levels left.
You knew the following spells:

 Your Spells              Type           Power        Failure   Level  Hunger
a - Infusion              Chrm           #.....       12%         1    ##.....


Dungeon Overview and Level Annotations

Branches:
Dungeon (9/15)             Temple (1/1) D:5            Lair (0/8) D:9
    Orc: D:9-12

Altars:
Ashenzari
Cheibriados
Dithmenos
Elyvilon
Fedhas
Gozag
Kikubaaqudgha
Makhleb
Nemelex Xobeh
Okawaru
Qazlal
Ru
Sif Muna
Trog
Vehumet
Xom
Yredelemnul
Zin
The Shining One

Shops:
D:9 [


Innate Abilities, Weirdness & Mutations

You are resistant to damage.
You can recharge devices by infusing magical energy.
You passively map the area around you.
You do not heal naturally.


Message History

The elephant trunk-slaps you but does no damage.
Unknown command.
Read which item? (? for menu, Esc to quit)
As you read the scroll labeled HICOFF SHRIEM, it crumbles to dust.
Forget which spell ([?*] list [ESC] exit)?
Forget which spell ([?*] list [ESC] exit)?
Okay, then.
It was a scroll of amnesia.
The naga closely misses you. The naga constricts you.
The elephant barely misses you. The elephant closely misses you.
Unknown command.
Unknown command.
Unknown command.
Drink which item? (? for menu, Esc to quit)
You feel better. The naga hits you!
* * * LOW HITPOINT WARNING * * *
The naga constricts you. The elephant tramples you!
* * * LOW HITPOINT WARNING * * *
You hold your ground!
The elephant trunk-slaps you.
You die...

#.....#............#, , ,
#.....#..........<.' , ,
+(....+............# , ,
##'####+####'#####.# , , ,
.................#.##.. *
, .................'......
, ,,,
.................#..... ,
.......###...###N#...., ,,
, .......##..... #@#....,
,, .......#...... #Y#. ,
,, , .......#...... #B# *
##+####........BoZ.......*
, * ....#
.....a........... ....+
..B....>....... *, ....#,,
.t.B..t.....o.. ##+##
,,,...P...o...o. ##.. ,
.P..###+#.. , '


You could see an elephant, 2 goliath beetles, an orc warrior (fleeing), a
crocodile, a naga shaped shifter, an orc and a worker ant zombie.

Vanquished Creatures
  Pikel (D:8)
  An ugly thing (D:7)
  A gargoyle (D:8)
  The ghost of flinch the Artisan of Death, an experienced FeNe of Kikubaaqudgha (D:8)
  Grinder (D:3)
  A two-headed ogre (D:8)
  A deep elf fighter (D:8)
  An orc warrior (D:9)
  2 necrophages
  An ice beast (D:9)
  A slave (D:8)
  A black bear (D:6)
  A phantom (D:4)
  A crocodile (D:9)
  2 ogres
  A big kobold (D:7)
  3 centaurs
  A wyvern zombie (D:8)
  Blork the orc (D:4)
  A gnoll sergeant (D:4)
  A scorpion (D:8)
  A goliath beetle (D:8)
  An electric eel (D:9)
  8 orc priests
  3 crimson imps
  4 hounds
  A centaur zombie (D:9)
  7 worker ants
  4 jellies
  4 orc wizards
  An iguana (D:4)
  A hound zombie (D:7)
  A worker ant zombie (D:6)
  8 adders
  7 gnolls
  2 shadow imps (D:8)
  2 worms (D:2)
  2 adder skeletons
  A giant gecko (D:4)
  26 orcs
  16 bats
  2 bat skeletons
  4 giant cockroaches
  12 hobgoblins
  3 quokkas
  2 ball pythons
  A giant gecko zombie (D:5)
  6 giant newts
  20 goblins
  16 jackals
  15 kobolds
  9 rats
  6 ballistomycetes
221 creatures vanquished.

Vanquished Creatures (collateral kills)
  An adder (D:7)
1 creature vanquished.

Vanquished Creatures (others)
  Maurice (D:8)
  A slave (D:8)
  An orc warrior (D:6)
  An ogre (D:7)
  A jelly (D:7)
  A hound (D:8)
  2 orcs (D:6)
  A bat (D:7)
  3 kobolds
  A quokka (D:8)
  3 giant spores
16 creatures vanquished.

Grand Total: 238 creatures vanquished

Notes
Turn   | Place    | Note
--------------------------------------------------------------
     0 | D:1      | Monkaria, the Deep Dwarf Skald, began the quest for the Orb.
     0 | D:1      | Reached XP level 1. HP: 19/19 MP: 2/2
   221 | D:1      | Reached XP level 2. HP: 9/27 MP: 3/3
   376 | D:1      | Reached skill level 3 in Fighting
   581 | D:2      | Reached XP level 3. HP: 24/34 MP: 5/5
   686 | D:2      | Found a sacrificial altar of Ru.
  1222 | D:3      | Noticed Grinder
  1254 | D:3      | Reached skill level 4 in Fighting
  1254 | D:3      | Reached XP level 4. HP: 20/44 MP: 6/6
  1345 | D:3      | Paralysed by Grinder for 6 turns
  1359 | D:3      | Paralysed by Grinder for 6 turns
  1383 | D:3      | Paralysed by Grinder for 3 turns
  1411 | D:3      | Killed Grinder
  1411 | D:3      | Reached skill level 5 in Fighting
  1411 | D:3      | Reached XP level 5. HP: 30/55 MP: 6/6
  1411 | D:3      | Reached XP level 6. HP: 33/62 MP: 8/8
  1599 | D:3      | Reached skill level 6 in Fighting
  2292 | D:4      | Reached XP level 7. HP: 41/69 MP: 6/6
  2308 | D:4      | Reached skill level 5 in Axes
  2532 | D:4      | Noticed Blork the orc
  2573 | D:4      | Killed Blork the orc
  3034 | D:5      | Entered Level 5 of the Dungeon
  3034 | D:5      | Noticed a two-headed ogre
  3085 | D:5      | Found a staircase to the Ecumenical Temple.
  3092 | Temple   | Entered the Ecumenical Temple
  3241 | Temple   | Became a worshipper of Makhleb the Destroyer
  3342 | D:5      | Found a blossoming altar of Fedhas.
  3348 | D:5      | Found a basalt altar of Yredelemnul.
  3622 | D:5      | Acquired Makhleb's first power
  3646 | D:5      | Reached skill level 7 in Axes
  4087 | D:6      | Reached XP level 8. HP: 22/76 MP: 6/6
  4094 | D:6      | Found a sparkling altar of Nemelex Xobeh.
  4124 | D:6      | Reached skill level 8 in Axes
  4782 | D:6      | Acquired Makhleb's second power
  4900 | D:6      | Found an iron altar of Okawaru.
  4903 | D:6      | Found a glowing golden altar of the Shining One.
  4906 | D:6      | Found a radiant altar of Vehumet.
  5142 | D:7      | Reached skill level 9 in Axes
  5377 | D:7      | Reached skill level 5 in Armour
  5420 | D:7      | Noticed a cyan ugly thing
  5473 | D:7      | HP: 2/76 [kobold (2)]
  5489 | D:7      | Acquired Makhleb's third power
  5522 | D:7      | Gained mutation: You passively map the area around you. [level up]
  5522 | D:7      | Reached XP level 9. HP: 15/82 MP: 5/5
  5730 | D:7      | Killed a cyan ugly thing
  6106 | D:8      | HP: 4/82 [two-headed ogre/giant club (8)]
  6317 | D:8      | Noticed flinch's ghost (experienced FeNe)
  6338 | D:8      | Killed flinch's ghost
  6338 | D:8      | Reached skill level 5 in Dodging
  6743 | D:8      | Noticed Pikel
  6749 | D:8      | Noticed Maurice
  6772 | D:8      | Killed Pikel
  6797 | D:8      | Reached XP level 10. HP: 89/91 MP: 4/4
  6822 | D:8      | Noticed a gargoyle
  6871 | D:8      | Killed a gargoyle
  6902 | D:8      | Killed Maurice
  7302 | D:9      | Found Tojonkeno's Armour Boutique.
  7332 | D:9      | Acquired Makhleb's fourth power
  7431 | D:9      | Found a staircase to the Lair.
  7431 | D:9      | Noticed an elephant
  7458 | D:9      | HP: 1/91 [elephant (14)]
  7458 | D:9      | Slain by an elephant

Action                   |  1- 3 |  4- 6 |  7- 9 | 10-12 || total
-------------------------+-------+-------+-------+-------++-------
Melee: Hand axe          |   157 |   293 |   486 |       ||   936
       War axe           |       |       |   374 |   119 ||   493
Invok: Minor Destruction |       |       |     1 |     3 ||     4
 Abil: Device Recharging |       |     4 |     6 |       ||    10
Evoke: Wand              |     4 |    23 |    32 |       ||    59
  Use: Scroll            |       |    12 |     9 |     5 ||    26
       Potion            |       |     2 |     3 |     5 ||    10
  Eat: Chunk             |       |     5 |    17 |       ||    22
       Pizza             |       |       |       |     1 ||     1
